 Dungeon Crawl Stone Soup version 0.20.1-1-g8b1a95d (webtiles) character file.

97 karf the Shield-Bearer (level 4, -7/29 HPs)
             Began as a Gargoyle Fighter on Oct 28, 2017.
             Splashed by Ijyb's acid (14 damage)
             ... on level 3 of the Dungeon.
             The game lasted 00:04:11 (1412 turns).

karf the Shield-Bearer (Gargoyle Fighter)           Turns: 1412, Time: 00:04:12

Health: -7/29      AC:  7    Str: 19    XL:     4   Next: 68%
Magic:  4/4        EV:  7    Int:  9    God:
Gold:   70         SH:  9    Dex: 10    Spells: 3/3 levels left

rFire    . . .     SeeInvis .   a - +0 flail
rCold    . . .     Gourm    .   c - +0 shield
rNeg     + + .     Faith    .   b - +0 scale mail
rPois    ∞         Spirit   .   (no helmet)
rElec    +         Reflect  .   q - +0 cloak
rCorr    .         Harm     .   (no gloves)
MR       .....                  (no boots)
Stlth    +.........             (no amulet)
Regen    0.1/turn               l - ring of stealth
MPRegen  0.1/turn               s - ring of positive energy

@: corroded
A: negative energy resistance 1, electricity resistance, unbreathing,
petrification resistance, rot immunity, AC +3
a: no special abilities


You were on level 3 of the Dungeon.
You were not hungry.

You visited 1 branch of the dungeon, and saw 3 of its levels.

You collected 70 gold pieces.

Inventory:

Hand Weapons
 a - a +0 flail (weapon)
Armour
 b - a +0 scale mail (worn)
 c - a +0 shield (worn)
 q - a +0 cloak (worn)
Jewellery
 l - a ring of stealth (left hand)
 s - a ring of positive energy (right hand)
Scrolls
 g - 2 scrolls of teleportation {unknown}
 k - a scroll of fear {unknown}
 m - 4 scrolls of identify {unknown}
 o - a scroll of recharging {unknown}
 p - a scroll of blinking {unknown}
 t - 2 scrolls of remove curse {unknown}
Potions
 d - 3 potions of might
 e - a potion of lignification {unknown}
 h - a potion of haste {unknown}
 i - a potion of cancellation {unknown}
 j - a potion of curing {unknown}
 n - a potion of flight {unknown}
 u - a potion of brilliance {unknown}
 x - 3 potions of degeneration {unknown}
Books
 r - a book of Minor Magic

   Spells                             Type                      Level
   a - Magic Dart                     Conjuration                  1
   b - Blink                          Translocation                2
   c - Call Imp                       Summoning                    2
   d - Slow                           Hexes                        2
   e - Conjure Flame                  Conjuration/Fire             3
   f - Mephitic Cloud                 Conjuration/Poison/Air       3
Comestibles
 f - 2 bread rations
 v - a royal jelly
 w - 2 fruits


   Skills:
 + Level 3.9 Fighting
 + Level 2.8 Maces & Flails
 + Level 4.0 Armour
 + Level 4.2 Shields


You had 3 spell levels left.
You didn't know any spells.

Dungeon Overview and Level Annotations

Branches:
Dungeon (3/15)

Altars:
Elyvilon
Makhleb

Annotations:
D:3 Ijyb


Innate Abilities, Weirdness & Mutations

You are resistant to torment.
Your stone body is resilient. (AC +3)
You are immune to poison.
You resist negative energy. (rN+)
You are resistant to electric shocks. (rElec)
You can survive without breathing.
You are immune to petrification.
You are immune to rotting.


Message History

You kill the dart slug!
No target in view!
No target in view!
No target in view!
No target in view!
No target in view!
No target in view!
g - 2 scrolls labeled PESUSTR FYTON (gained 1)
You now have 59 gold pieces (gained 7).
You now have 70 gold pieces (gained 11).
w - 2 fruits
m - 4 scrolls labeled BET FULOULOAX (gained 1) Ijyb the Twisted Goblin comes into view.
She is wielding a club.
Ijyb shouts!
Ijyb screams, "Me stronger than you!"
Ijyb zaps a wand.
The bolt of acid hits you!
Ouch! That really hurt!
* * * LOW HITPOINT WARNING * * *
The acid corrodes you!
You are splashed with acid!
The acid burns!
You die...

......##.# ..##
.P..P...#.#.....
.........#.#...#
.P......P...#...#
............#...#
................#
.P......P.......#
..........#..#....
...P..P...#@.# #
#........##.......#
........####g####.#
........# .#
........# .#
##.........####.#
..............#.#
.#..........##.#..
#...........##.#


You could see Ijyb.

Vanquished Creatures
  Jessica (D:2)
  2 adders (D:2)
  2 worms (D:2)
  2 dart slugs
  A leopard gecko (D:1)
  2 giant cockroaches
  4 goblins
  7 hobgoblins
  3 kobolds
  A ball python (D:1)
  11 bats
  3 frilled lizards (D:1)
  4 rats
43 creatures vanquished.

Notes
Turn   | Place    | Note
-------+----------+-------------------------------------------
     0 | D:1      | karf the Gargoyle Fighter began the quest for the Orb.
     0 | D:1      | Reached XP level 1. HP: 14/14 MP: 1/1
    45 | D:1      | Reached XP level 2. HP: 19/19 MP: 2/2
   509 | D:1      | Reached XP level 3. HP: 19/23 MP: 3/3
   680 | D:2      | Found a burning altar of Makhleb.
   686 | D:2      | Noticed Jessica
   697 | D:2      | Killed Jessica
   697 | D:2      | Reached XP level 4. HP: 27/29 MP: 4/4
   714 | D:2      | Found a white marble altar of Elyvilon.
  1410 | D:3      | Noticed Ijyb
  1412 | D:3      | Splashed by Ijyb's acid

Skill      XL: |  1  2  3  4 |
---------------+-------------+-----
Shields        | 4 |  4.2
Armour         | 4 |  4.0
Fighting       | |  3.9
Maces & Flails | |  2.8

Action                   |  1- 3 |  4- 6 || total
-------------------------+-------+-------++-------
Melee: Flail             |    91 |    78 ||   169
  Eat: Chunk             |       |     2 ||     2
Armor: Scale mail        |    67 |    61 ||   128
Dodge: Dodged            |    35 |    43 ||    78
Block: Shield            |    65 |    61 ||   126
